 Dungeon Crawl Stone Soup version 0.14-a0-1719-ga7e7698 (webtiles) character file.

273 Jenx the Ruinous (level 5, -4/28 HPs)
             Began as a Deep Elf Fire Elementalist on Jan 1, 2014.
             Slain by a gnoll
             ... wielding a +0,+0 spear
              (6 damage)
             ... on Level 3 of the Dungeon.
             The game lasted 00:13:26 (2600 turns).

Jenx the Ruinous (Deep Elf Fire Elementalist)       Turns: 2600, Time: 00:13:26

HP  -4/28        AC  9     Str  5      XL: 5   Next:  1%
MP  13/16        EV 10     Int 21      God:
Gold 135         SH  0     Dex 15      Spells:  4 memorised,  0 levels left

rFire  . . .     SeeInvis .     a - +1 orc dagger (protect)
rCold  . . .     Clarity  .     p - +0 leather armour {MR+}
rNeg   . . .     Conserve .     (no shield)
rPois  .         rCorr    .     d - +0 helmet
rElec  .         rRot     .     (no cloak)
SustAb . .       Spirit   .     (no gloves)
rMut   .         Warding  .     (no boots)
Saprov . . .     Stasis   .     (no amulet)
                                (no ring)
                                (no ring)

@: about to teleport, somewhat resistant to hostile enchantments, fairly
stealthy
A: no striking features
a: no special abilities


You were on level 3 of the Dungeon.
You were not hungry.

You visited 1 branch of the dungeon, and saw 3 of its levels.

You collected 135 gold pieces.

Inventory:

Hand weapons
 a - a +1,+1 orcish dagger of protection (weapon)
 b - a +0 blowgun
 r - a cursed -2,-2 spear
 t - a +2,+2 dagger of electrocution
 y - a +0,+1 orcish hand axe of flaming
Missiles
 i - 16 poisoned needles
 k - 6 javelins (quivered)
Armour
 d - a +0 helmet (worn)
 p - a +0 leather armour of magic resistance (worn)
Comestibles
 c - 3 bread rations
 j - a meat ration
 m - 2 chunks of jackal flesh
 v - a chunk of jackal flesh
 A - a rotting chunk of giant gecko flesh
Scrolls
 g - a scroll of identify
 h - 3 scrolls of remove curse
 x - 2 scrolls of recharging {unknown}
Jewellery
 o - an uncursed ring of protection from fire
Potions
 f - 2 potions of curing
 n - a potion of mutation {unknown}
 q - 2 potions of restore abilities
 s - a potion of brilliance {unknown}
 u - a potion of heal wounds {unknown}
Books
 e - a book of Flames

   Spells                             Type                      Level
   *Flame Tongue                      Conjuration/Fire             1
   *Throw Flame                       Conjuration/Fire             2
   *Conjure Flame                     Conjuration/Fire             3
   Inner Flame                        Hexes/Fire                   3
   *Sticky Flame                      Conjuration/Fire             4
   Fireball                           Conjuration/Fire             5


   Skills:
 - Level 0.4 Short Blades
 - Level 1.0 Armour
 - Level 2.4 Dodging
 - Level 2.4 Stealth
 - Level 3.0 Spellcasting
 * Level 4.4 Conjurations
 - Level 4.0 Fire Magic


You couldn't memorise any spells.
You knew the following spells:

 Your Spells              Type           Power        Failure   Level  Hunger
a - Flame Tongue          Conj/Fire      ###..        2%          1    None
b - Throw Flame           Conj/Fire      ###...       4%          2    ##.....
c - Conjure Flame         Conj/Fire      ###.....     10%         3    ###....
d - Sticky Flame          Conj/Fire      ###.....     28%         4    ####...


Dungeon Overview and Level Annotations

Branches:
Dungeon (3/16)

Altars:
Nemelex Xobeh


Message History

Aiming: Flame Tongue
Press: ? - help, Shift-Dir - straight line, f/p - gnoll
Aim: a gnoll, wielding a whip (severely wounded, inner flame)
The flame hits the gnoll.
The gnoll is almost dead.
The gnoll hits you from afar with a spear.
The gnoll hits you but does no damage. The gnoll barely misses you.
The gnoll hits you from afar with a spear.
* * * LOW HITPOINT WARNING * * *
The gnoll hits you with a club.
* * * LOW HITPOINT WARNING * * *
The gnoll shaman calls upon its god to speed up the gnoll.
The gnoll seems to speed up.
You smell something rotten. (slot A) Read which item? (? for menu, Esc to quit)
As you read the scroll of teleportation, it crumbles to dust.
You feel strangely unstable. The gnoll barely misses you.
The gnoll hits you but does no damage. The gnoll closely misses you.
The gnoll hits you from afar with a spear.
You die...

#.# #.# #..........# ##'#######.
#%# #.# #.##.#.#.#.# #.......##.
#.# #.# #....#.#%#.# #.......##.
#.###.######.##.#.#.# #..........
.........)...<..#...###.#.....#..
..###......................#.....
........................#.....#..
.#############......##....#.....#
.............'..@...+..#.........
##############..gg..#############
.........gggg.........)....
≈≈≈≈≈≈≈....g≈≈≈≈≈≈≈≈≈≈≈≈≈≈
≈≈≈≈≈≈≈gggg≈≈≈≈≈≈≈≈≈≈≈≈≈≈≈
≈≈≈≈≈≈≈ggg.≈≈≈≈≈≈≈≈≈≈≈≈###
........gg............#gg
######'g''#############.. #..g.#
#+#


You could see a gnoll sergeant (inner flame), a gnoll shaman (inner flame) and
16 gnolls.

Vanquished Creatures
  5 adders
  2 gnolls (D:3)
  A worm (D:3)
  3 giant geckos
  3 orcs (D:3)
  6 bats
  2 giant cockroaches
  9 hobgoblins
  9 jackals
  A quokka (D:3)
  5 giant newts
  3 goblins
  9 kobolds
  5 rats
63 creatures vanquished.

Notes
Turn   | Place    | Note
--------------------------------------------------------------
     0 | D:1      | Jenx, the Deep Elf Fire Elementalist, began the quest for the Orb.
     0 | D:1      | Reached XP level 1. HP: 10/10 MP: 5/5
   209 | D:1      | Reached XP level 2. HP: 15/15 MP: 6/8
   222 | D:1      | Learned a level 2 spell: Throw Flame
   261 | D:1      | Reached skill level 4 in Fire Magic
   603 | D:1      | Found a sparkling altar of Nemelex Xobeh.
  1189 | D:2      | Reached XP level 3. HP: 13/19 MP: 5/10
  1535 | D:2      | Reached XP level 4. HP: 24/24 MP: 5/13
  1542 | D:2      | Learned a level 3 spell: Conjure Flame
  2499 | D:3      | Reached skill level 1 in Armour
  2534 | D:3      | Reached XP level 5. HP: 28/28 MP: 11/16
  2566 | D:3      | Learned a level 4 spell: Sticky Flame
  2600 | D:3      | Slain by a gnoll

Action                   |  1- 3 |  4- 6 || total
-------------------------+-------+-------++-------
Melee: Short sword       |     3 |       ||     3
       Dagger            |       |     7 ||     7
 Fire: Blowgun           |       |     1 ||     1
Throw: Javelin           |       |     4 ||     4
 Cast: Flame Tongue      |    53 |    45 ||    98
       Throw Flame       |    15 |     9 ||    24
  Use: Scroll            |       |     9 ||     9
